Construct Section Command Post
Construct Platoon Command Post
6-pounder Anti-tank Gun Team
Construct Field Infirmary
Selects Air and Sea Battlegroup
Unlock Bishop Self-propelled Artillery
Construct Company Command Post
Bishop Self-propelled Artillery
Bishop Self-propelled Artillery
Selects Commando Section Paradrop
6-pounder Anti-tank Gun Team
Construct Field Infirmary
Selects Commando Support Section Paradrop